 Dungeon Crawl Stone Soup version 0.21.1-1-g345015fe64 (webtiles) character file.

64 Ivernyr the Charmwright (level 4, -1/34 HPs)
             Began as a Human Skald on May 1, 2018.
             Killed from afar by an orc wizard (5 damage)
             ... with a magic dart
             ... on level 1 of the Dungeon.
             The game lasted 00:05:39 (1207 turns).

Ivernyr the Charmwright (Human Skald)               Turns: 1207, Time: 00:05:40

Health: -1/34      AC:  3    Str: 12    XL:     4   Next: 32%
Magic:  5/7        EV: 12    Int: 13    God:
Gold:   36         SH:  0    Dex: 19    Spells: 2/7 levels left

rFire    . . .     SeeInvis .   a - +0 falchion
rCold    . . .     Gourm    .   (no shield)
rNeg     . . .     Faith    .   b - +0 leather armour
rPois    .         Spirit   .   (no helmet)
rElec    .         Reflect  .   (no cloak)
rCorr    .         Harm     .   (no gloves)
MR       .....                  (no boots)
Stlth    +.........             (no amulet)
HPRegen  0.11/turn              h - +6 ring of dexterity
MPRegen  0.10/turn              (no ring)

@: lethally poisoned (-1 -> -2)
A: no striking features
a: no special abilities


You were on level 1 of the Dungeon.
You were hungry.

You visited 1 branch of the dungeon, and saw 2 of its levels.

You collected 36 gold pieces.

Inventory:

Hand Weapons
 a - a +0 falchion (weapon)
Armour
 b - a +0 leather armour (worn)
Jewellery
 h - a +6 ring of dexterity (left hand)
Scrolls
 g - a scroll of noise {unknown}
 i - 3 scrolls of magic mapping {unknown}
 l - a scroll of random uselessness {unknown}
Potions
 e - a potion of might {unknown}
 f - a potion of flight {unknown}
 j - a potion of brilliance {unknown}
Books
 c - a book of Battle

   Spells                             Type                      Level
   a - Infusion                       Charms                       1
   b - Shroud of Golubria             Charms/Translocation         2
   c - Song of Slaying                Charms                       2
   d - Spectral Weapon                Hexes/Charms                 3
   e - Regeneration                   Charms/Necromancy            3
Comestibles
 d - 3 rations


   Skills:
 + Level 2.3 Fighting
 + Level 2.6 Long Blades
 * Level 1.7 Armour
 - Level 2.0 Dodging
 - Level 2.0 Spellcasting
 + Level 3.9 Charms


You had 2 spell levels left.
You knew the following spells:

 Your Spells              Type           Power        Failure   Level  Hunger
a - Shroud of Golubria    Chrm/Tloc      #.........   22%         2    ###....
b - Song of Slaying       Chrm           ##......     10%         2    ###....
c - Infusion              Chrm           ##..         6%          1    ##.....


Dungeon Overview and Level Annotations

Branches:
Dungeon (2/15)

Altars:


Message History

Your shroud bends something's attack away.
Things that are here:
a giant cockroach corpse; an adder corpse Your shroud unravels.
There is a stone staircase leading up, spattered with blood here.
You see here a tomahawk.
The orc wizard hits you with a dagger.
You climb upwards.
You feel sick.
There is a stone staircase leading down here.
You hit the orc wizard.
The orc wizard is moderately wounded.
The orc wizard points at you and mumbles some strange words.
The magic dart hits you!
* * * LOW HITPOINT WARNING * * *
You closely miss the orc wizard.
The orc wizard is moderately wounded.
The orc wizard misses you.
The orc wizard gestures at you while chanting.
The magic dart hits you!
You die...

################################
.................o.............##
.#..............@................
.#.#####......##.#############.##
.#.#..........##.# #.##
.#.#.###......##.# #...
.#.#.#....#.####.#############...
.#.#.#.##.#.####.................
.#.#.#.#..#.##.......#########...
.#.#.#.##.#.##.......# ######...
.#.#.#.#..#.##.......# #........


You could see an orc wizard.

Vanquished Creatures
  Terence (D:2)
  An adder (D:2)
  An ooze (D:1)
  A dart slug (D:1)
  A ball python (D:2)
  2 giant cockroaches
  A goblin (D:2)
  2 hobgoblins (D:1)
  A quokka (D:2)
  5 bats
  3 frilled lizards (D:1)
  5 kobolds
  2 rats
26 creatures vanquished.

Notes
Turn   | Place    | Note
-------+----------+-------------------------------------------
     0 | D:1      | Ivernyr the Human Skald began the quest for the Orb.
     0 | D:1      | Reached XP level 1. HP: 16/16 MP: 3/3
   120 | D:1      | Reached XP level 2. HP: 19/22 MP: 5/5
   124 | D:1      | Learned a level 2 spell: Song of Slaying
   127 | D:1      | Learned a level 2 spell: Shroud of Golubria
   669 | D:1      | Reached XP level 3. HP: 27/27 MP: 6/6
   883 | D:2      | Noticed Terence
   916 | D:2      | Killed Terence
  1106 | D:2      | Reached XP level 4. HP: 28/34 MP: 7/7
  1207 | D:1      | Killed from afar by an orc wizard

Action                   |  1- 3 |  4- 6 || total
-------------------------+-------+-------++-------
Melee: Falchion          |    72 |    24 ||    96
 Cast: Shroud of Golubri |     2 |     3 ||     5
  Eat: Chunk             |     1 |       ||     1
Armor: Leather armour    |    15 |    10 ||    25
Dodge: Dodged            |    51 |    17 ||    68
       Rpst.: Falchion   |    20 |     4 ||    24
